[Event "Festival Groningen-A 2024"]
[Site "Groningen"]
[Date "2024.12.21"]
[Round "1.15"]
[White "Labruyere, Roger"]
[Black "Nicolai, Amir"]
[Result "1-0"]
[ECO "B33"]
[WhiteElo "2344"]
[BlackElo "2156"]
[Annotator "RC"]
[PlyCount "103"]
[EventDate "2024.12.21"]
[EventType "swiss"]
[EventCountry "NED"]
[SourceTitle "playchess.com"]
[Source "ChessBase"]
[SourceQuality "1"]
[TimeControl "40/5400+30:1800+30"]

1. e4 c5 2. Nf3 Nc6 3. d4 cxd4 4. Nxd4 Nf6 5. Nc3 e5 6. Ndb5 d6 7. Bg5 a6 8. Na3 b5 9. Nd5 Be7 10. Bxf6 Bxf6 11. c3 O-O 12. Nc2 Rb8 13. Be2 g6 14. Bg4 Bb7 15. O-O Bg5 16. a4 bxa4 17. Rxa4 Ne7 18. b4 Nxd5 19. exd5 Qc7 20. Qd3 f5 21. Be2 e4 22. Qg3 Bf6 23. c4 Bxd5 24. Rxa6 Be5 25. Qb3 Bb7 26. Ra3 Kh8 27. h3 g5 28. Rd1 Qg7 29. c5 d5 30. Ra7 Ra8 31. Rxa8 Bxa8 32. b5 d4 33. c6 Rb8 34. Qe6 d3 35. Bxd3 exd3 36. Rxd3 Qf6 37. Qxf6+ Bxf6 38. c7 Rc8 39. b6 Be4 40. f3 Bb7 41. Ne3 Be7 42. Kh1 Rf8 43. Rd7 Bc5 44. Nc4 Rc8 45. Kh2 f4 46. h4 gxh4 47. Nd6 Bxd6 48. Rxd6 Kg7 49. Kh3 Rf8 50. Rd8 Rf6 51. Rb8 Ba6 52. b7 1-0

[Event "Festival Groningen-A 2024"]
[Site "Groningen"]
[Date "2024.12.21"]
[Round "1.16"]
[White "Grooten, Tommy"]
[Black "Koster, Ramon"]
[Result "1/2-1/2"]
[ECO "D11"]
[WhiteElo "2153"]
[BlackElo "2330"]
[Annotator "RC"]
[PlyCount "65"]
[EventDate "2024.12.21"]
[EventType "swiss"]
[EventCountry "NED"]
[SourceTitle "playchess.com"]
[Source "ChessBase"]
[SourceQuality "1"]
[TimeControl "40/5400+30:1800+30"]

1. d4 d5 2. c4 c6 3. Nf3 Nf6 4. g3 Bf5 5. Nc3 e6 6. Qb3 Qb6 7. c5 Qxb3 8. axb3 Na6 9. Ra4 Bc2 10. Bf4 Ne4 11. Nxe4 Bxe4 12. Rg1 f6 13. Nd2 e5 14. Nxe4 exf4 15. Nc3 fxg3 16. Rxg3 Nc7 17. e3 a6 18. Bd3 Kf7 19. Kd2 Be7 20. Ra1 g6 21. h4 Raf8 22. h5 f5 23. Rag1 Rhg8 24. Ne2 Ne6 25. f4 Bf6 26. R1g2 Rb8 27. b4 Bh4 28. Rh3 Be7 29. Ng1 Ng7 30. hxg6+ hxg6 31. Nf3 Bf6 32. Rh6 Ne6 33. Rh7+ 1/2-1/2

[Event "Festival Groningen-A 2024"]
[Site "Groningen"]
[Date "2024.12.21"]
[Round "1.17"]
[White "Ratsma, Midas"]
[Black "Schilstra, Laurens"]
[Result "0-1"]
[ECO "B49"]
[WhiteElo "2326"]
[BlackElo "2150"]
[Annotator "RC"]
[PlyCount "76"]
[EventDate "2024.12.21"]
[EventType "swiss"]
[EventCountry "NED"]
[SourceTitle "playchess.com"]
[Source "ChessBase"]
[SourceQuality "1"]
[TimeControl "40/5400+30:1800+30"]

1. e4 c5 2. Nf3 Nc6 3. d4 cxd4 4. Nxd4 e6 5. Nc3 a6 6. Be2 Qc7 7. O-O Nf6 8. Be3 b6 9. f4 h5 10. e5 Ng4 11. Bxg4 hxg4 12. Qxg4 Bb7 13. Qg3 Na5 14. Bf2 Nc4 15. b3 Nd2 16. Rfd1 Bb4 17. Nde2 Nf3+ 18. gxf3 Bxc3 19. Rab1 Bb4 20. c3 Be7 21. Bd4 Qc6 22. Rd3 O-O-O 23. Qf2 g5 24. Bxb6 Rdg8 25. f5 exf5 26. Rbd1 g4 27. Ng3 f4 28. Nf5 Bh4 29. Nxh4 g3 30. hxg3 Rxh4 31. Rxd7 Rxg3+ 32. Qxg3 Qxb6+ 33. Qf2 Rh1+ 34. Kxh1 Qxf2 35. Rd8+ Kc7 36. R1d7+ Kb6 37. Rb8 Qxf3+ 38. Kg1 Qg2# 0-1

[Event "Festival Groningen-A 2024"]
[Site "Groningen"]
[Date "2024.12.21"]
[Round "1.18"]
[White "Duijker, Rick"]
[Black "Dolzhykova, Kateryna"]
[Result "0-1"]
[ECO "A45"]
[WhiteElo "2146"]
[BlackElo "2322"]
[Annotator "RC"]
[PlyCount "180"]
[EventDate "2024.12.21"]
[EventType "swiss"]
[EventCountry "NED"]
[SourceTitle "playchess.com"]
[Source "ChessBase"]
[SourceQuality "1"]
[TimeControl "40/5400+30:1800+30"]

1. d4 Nf6 2. Bg5 Ne4 3. Bf4 c5 4. f3 Qa5+ 5. c3 Nf6 6. d5 e6 7. e4 exd5 8. exd5 d6 9. Qe2+ Be7 10. Bxd6 Nxd5 11. Bxe7 Nxe7 12. Qb5+ Qxb5 13. Bxb5+ Nbc6 14. Nd2 O-O 15. O-O-O Ne5 16. Nc4 a6 17. Nb6 axb5 18. Nxa8 Bf5 19. Nb6 Nd3+ 20. Rxd3 Bxd3 21. Nh3 Ng6 22. Rd1 Bf5 23. Rd5 Bxh3 24. gxh3 Nf4 25. Rd7 Re8 26. Rxb7 h5 27. Nd7 Re1+ 28. Kc2 Re2+ 29. Kb3 c4+ 30. Ka3 Rxh2 31. Rb8+ Kh7 32. Rxb5 Rxh3 33. Kb4 h4 34. a4 Rxf3 35. Ne5 Nd3+ 36. Nxd3 cxd3 37. Rh5+ Kg6 38. Rxh4 Kf5 39. a5 Rf4+ 40. Rxf4+ Kxf4 41. a6 d2 42. a7 d1=Q 43. a8=Q Qd6+ 44. Kc4 g5 45. b4 g4 46. b5 g3 47. Qc6 Ke5 48. Qf3 Qg6 49. Qe3+ Qe4+ 50. Qxe4+ Kxe4 51. b6 g2 52. b7 g1=Q 53. b8=Q Qf1+ 54. Kc5 Qf2+ 55. Kc4 Qa2+ 56. Kc5 Qd5+ 57. Kb4 f5 58. Qe8+ Kd3 59. Qc8 Qd6+ 60. Kb5 Qe5+ 61. Kb4 f4 62. Qh3+ Qe3 63. Qf1+ Ke4 64. Qc4+ Kf3 65. Qf1+ Kg3 66. c4 f3 67. Kb5 f2 68. c5 Kh2 69. Qd1 Qh3 70. Qd2 Qg2 71. Qh6+ Kg1 72. Qe3 Qb7+ 73. Ka5 Qd5 74. Kb6 Kg2 75. Qe2 Qb3+ 76. Ka6 Qa4+ 77. Kb7 Qb4+ 78. Kc6 Qd4 79. Qc2 Qf6+ 80. Kb7 Kg1 81. c6 f1=Q 82. Qc5+ Kg2 83. Qc2+ Kh3 84. Qh7+ Kg3 85. Qg8+ Kh4 86. Qh7+ Kg5 87. Qg8+ Kh6 88. Qb3 Q1f3 89. Qc4 Qe7+ 90. Kb6 Qfe3+ 0-1

[Event "Festival Groningen-A 2024"]
[Site "Groningen"]
[Date "2024.12.21"]
[Round "1.19"]
[White "Elgersma, Onno"]
[Black "Van Helvoort, Rob"]
[Result "1-0"]
[ECO "B45"]
[WhiteElo "2322"]
[BlackElo "2135"]
[Annotator "RC"]
[PlyCount "87"]
[EventDate "2024.12.21"]
[EventType "swiss"]
[EventCountry "NED"]
[SourceTitle "playchess.com"]
[Source "ChessBase"]
[SourceQuality "1"]
[TimeControl "40/5400+30:1800+30"]

1. e4 c5 2. Nf3 e6 3. d4 cxd4 4. Nxd4 Nf6 5. Nc3 Nc6 6. Be2 Bb4 7. O-O Bxc3 8. bxc3 Nxe4 9. Nxc6 dxc6 10. Bd3 Nf6 11. Ba3 b6 12. Qf3 Qd5 13. Qg3 Nh5 14. Qh4 Nf6 15. Rfd1 Qa5 16. Bb4 Qh5 17. Qg3 c5 18. Qxg7 Ke7 19. Qxh8 Bb7 20. Qg7 Rg8 21. Qxg8 Nxg8 22. Ba3 Qg4 23. Bf1 Qa4 24. Bc1 Qxc2 25. Bg5+ f6 26. Bd2 Bc6 27. Rac1 Qg6 28. c4 Nh6 29. Bxh6 Qxh6 30. Rc3 Qf4 31. Ra3 Qc7 32. Re1 Qb7 33. Rh3 Be4 34. Rhe3 Bf5 35. Be2 e5 36. f4 Qa6 37. fxe5 fxe5 38. Rxe5+ Kf6 39. Re3 Qxa2 40. g4 Bg6 41. h4 Qd2 42. Rf1+ Kg7 43. Re7+ Kg8 44. Rd1 1-0

[Event "Festival Groningen-A 2024"]
[Site "Groningen"]
[Date "2024.12.21"]
[Round "1.20"]
[White "Zecha, Oscar"]
[Black "Van der Hagen, Loek"]
[Result "1/2-1/2"]
[ECO "B66"]
[WhiteElo "2134"]
[BlackElo "2315"]
[Annotator "RC"]
[PlyCount "73"]
[EventDate "2024.12.21"]
[EventType "swiss"]
[EventCountry "NED"]
[SourceTitle "playchess.com"]
[Source "ChessBase"]
[SourceQuality "1"]
[TimeControl "40/5400+30:1800+30"]

1. e4 c5 2. Nf3 Nc6 3. d4 cxd4 4. Nxd4 Nf6 5. Nc3 d6 6. Bg5 Bd7 7. Qd2 a6 8. Nxc6 Bxc6 9. f3 e6 10. O-O-O h6 11. Bf4 d5 12. exd5 Nxd5 13. Nxd5 Qxd5 14. c4 Qxd2+ 15. Rxd2 Bc5 16. Kb1 Ke7 17. Be2 Rad8 18. Rhd1 a5 19. Rxd8 Rxd8 20. Rxd8 Kxd8 21. Bd2 b6 22. Kc2 Kd7 23. g4 e5 24. f4 Ke6 25. f5+ Kf6 26. h4 Bf2 27. h5 Be4+ 28. Kc1 Bg2 29. b3 Bg3 30. Kb2 Bf4 31. Be1 e4 32. Bh4+ Bg5 33. Bf2 Ke5 34. Bxb6 Bf3 35. Bc7+ Kd4 36. Bb6+ Ke5 37. Bc7+ 1/2-1/2

[Event "Festival Groningen-A 2024"]
[Site "Groningen"]
[Date "2024.12.21"]
[Round "1.21"]
[White "Laxman, R.R."]
[Black "Noordenbos, Daan"]
[Result "1-0"]
[ECO "E62"]
[WhiteElo "2310"]
[BlackElo "2130"]
[Annotator "RC"]
[PlyCount "45"]
[EventDate "2024.12.21"]
[EventType "swiss"]
[EventCountry "NED"]
[SourceTitle "playchess.com"]
[Source "ChessBase"]
[SourceQuality "1"]
[TimeControl "40/5400+30:1800+30"]

1. d4 Nf6 2. c4 g6 3. Nf3 Bg7 4. g3 O-O 5. Bg2 d6 6. O-O Nc6 7. Nc3 e5 8. d5 Ne7 9. e4 a5 10. Be3 Ng4 11. Bd2 Bh6 12. Ng5 Nc6 13. dxc6 Bxg5 14. cxb7 Bxb7 15. f4 exf4 16. Qxg4 h5 17. Qd1 fxg3 18. hxg3 h4 19. gxh4 Bxh4 20. Qf3 f5 21. Nd5 c6 22. Nf4 Qg5 23. Rad1 1-0

[Event "Festival Groningen-A 2024"]
[Site "Groningen"]
[Date "2024.12.21"]
[Round "1.22"]
[White "Jakhari, Ansh"]
[Black "Van Foreest, Machteld"]
[Result "1/2-1/2"]
[ECO "D35"]
[WhiteElo "2126"]
[BlackElo "2309"]
[Annotator "RC"]
[PlyCount "64"]
[EventDate "2024.12.21"]
[EventType "swiss"]
[EventCountry "NED"]
[SourceTitle "playchess.com"]
[Source "ChessBase"]
[SourceQuality "1"]
[TimeControl "40/5400+30:1800+30"]

1. c4 e6 2. Nc3 d5 3. cxd5 exd5 4. d4 Nf6 5. Bf4 Bd6 6. Bxd6 Qxd6 7. e3 Bf5 8. Bd3 Bxd3 9. Qxd3 O-O 10. Nf3 Nbd7 11. O-O c6 12. h3 Rfe8 13. Nd2 Nf8 14. a3 Ne6 15. Nf3 h6 16. Rad1 a5 17. Ne5 c5 18. Ng4 Nxg4 19. hxg4 cxd4 20. Nb5 Qd7 21. Nxd4 Nxd4 22. Qxd4 Rad8 23. f3 Re6 24. Rd3 Qb5 25. Rc1 Rc6 26. Rcd1 Rc4 27. Qe5 Re8 28. Qxd5 Qxd5 29. Rxd5 Rxe3 30. Rd8+ Kh7 31. R8d7 Re2 32. R1d2 Rc1+ 1/2-1/2

[Event "Festival Groningen-A 2024"]
[Site "Groningen"]
[Date "2024.12.21"]
[Round "1.23"]
[White "Manish Anto Cristiano F"]
[Black "Khoo-Thwe, Louis"]
[Result "1-0"]
[ECO "C99"]
[WhiteElo "2296"]
[BlackElo "2124"]
[Annotator "RC"]
[PlyCount "91"]
[EventDate "2024.12.21"]
[EventType "swiss"]
[EventCountry "NED"]
[SourceTitle "playchess.com"]
[Source "ChessBase"]
[SourceQuality "1"]
[TimeControl "40/5400+30:1800+30"]

1. e4 e5 2. Nf3 Nc6 3. Bb5 a6 4. Ba4 Nf6 5. O-O Be7 6. Re1 b5 7. Bb3 d6 8. c3 O-O 9. h3 Na5 10. Bc2 c5 11. d4 Qc7 12. Nbd2 cxd4 13. cxd4 Rd8 14. d5 Bd7 15. Nf1 Rdc8 16. Bd3 Nb7 17. Bd2 Nc5 18. Rc1 Qb7 19. Bb1 a5 20. g4 Na4 21. Qb3 Bd8 22. Ng3 Bb6 23. Rxc8+ Rxc8 24. Nf5 Bxf5 25. gxf5 Nc5 26. Qd1 Na4 27. Bc1 Qc7 28. Kg2 g6 29. Qe2 Qxc1 30. Rxc1 Rxc1 31. Nd2 Nxb2 32. Qxb5 Bd4 33. Qb8+ Kg7 34. Qxd6 Rd1 35. Nf3 Rxb1 36. Nxd4 exd4 37. e5 Ne4 38. f6+ Kh6 39. Qb6 d3 40. Qe3+ g5 41. Qxe4 Rd1 42. h4 d2 43. Qg4 gxh4 44. Qxh4+ Kg6 45. Qg4+ Kh6 46. d6 1-0

[Event "Festival Groningen-A 2024"]
[Site "Groningen"]
[Date "2024.12.21"]
[Round "1.24"]
[White "Kanis, Sierk"]
[Black "Schoorl, Rob"]
[Result "0-1"]
[ECO "E90"]
[WhiteElo "2116"]
[BlackElo "2295"]
[Annotator "RC"]
[PlyCount "52"]
[EventDate "2024.12.21"]
[EventType "swiss"]
[EventCountry "NED"]
[SourceTitle "playchess.com"]
[Source "ChessBase"]
[SourceQuality "1"]
[TimeControl "40/5400+30:1800+30"]

1. d4 Nf6 2. c4 c5 3. d5 g6 4. Nc3 Bg7 5. e4 d6 6. Bd3 O-O 7. Nf3 e6 8. O-O exd5 9. exd5 Bg4 10. h3 Bxf3 11. Qxf3 Nbd7 12. Qd1 Ne8 13. Bd2 f5 14. f4 a6 15. Rb1 Nc7 16. g4 Qf6 17. Kg2 b5 18. b3 Qd4 19. Qc2 fxg4 20. hxg4 bxc4 21. bxc4 Ne5 22. Rb7 Nxd3 23. Rxc7 Rae8 24. Rxg7+ Kxg7 25. Nd1 Re2+ 26. Kg3 Rxf4 0-1

[Event "Festival Groningen-A 2024"]
[Site "Groningen"]
[Date "2024.12.21"]
[Round "1.25"]
[White "Ivanov, Dmytry"]
[Black "Spit, Vincent"]
[Result "1-0"]
[ECO "D78"]
[WhiteElo "2072"]
[BlackElo "2113"]
[Annotator "RC"]
[PlyCount "65"]
[EventDate "2024.12.21"]
[EventType "swiss"]
[EventCountry "NED"]
[SourceTitle "playchess.com"]
[Source "ChessBase"]
[SourceQuality "1"]
[TimeControl "40/5400+30:1800+30"]

1. d4 Nf6 2. Nf3 g6 3. c4 Bg7 4. g3 O-O 5. Bg2 c6 6. O-O d5 7. Nc3 dxc4 8. a4 Nd5 9. e4 Nxc3 10. bxc3 c5 11. Be3 Bg4 12. Rb1 Qc7 13. dxc5 Nc6 14. Qc2 Rfd8 15. Bf4 Ne5 16. Nd4 Qc8 17. Qa2 Nd3 18. Qxc4 Nxf4 19. gxf4 Bh3 20. f5 Bxg2 21. Kxg2 Qc7 22. f4 Rac8 23. fxg6 hxg6 24. f5 Qxc5 25. Qxc5 Rxc5 26. fxg6 fxg6 27. Rxb7 Bxd4 28. cxd4 Rxd4 29. Rxe7 Rg5+ 30. Kf3 Rxa4 31. Rc1 Kf8 32. Rh7 Kg8 33. Rb7 1-0

[Event "Festival Groningen-A 2024"]
[Site "Groningen"]
[Date "2024.12.21"]
[Round "1.26"]
[White "Ponnio, Toni"]
[Black "Pham, Khoi"]
[Result "0-1"]
[ECO "A30"]
[WhiteElo "2111"]
[BlackElo "2285"]
[Annotator "RC"]
[PlyCount "99"]
[EventDate "2024.12.21"]
[EventType "swiss"]
[EventCountry "NED"]
[SourceTitle "playchess.com"]
[Source "ChessBase"]
[SourceQuality "1"]
[TimeControl "40/5400+30:1800+30"]

1. Nf3 Nf6 2. g3 b6 3. Bg2 Bb7 4. c4 g6 5. Nc3 Bg7 6. O-O O-O 7. Re1 c5 8. e4 Nc6 9. d3 d6 10. h3 Nd7 11. Bg5 a6 12. Qd2 Nde5 13. Nh2 Nd4 14. Nd5 f6 15. Be3 e6 16. Nc3 f5 17. f4 Nec6 18. Bf2 Qd7 19. Nf1 b5 20. Ne3 b4 21. Ne2 a5 22. Nxd4 Nxd4 23. Nc2 e5 24. Nxd4 cxd4 25. a3 fxe4 26. Bxe4 exf4 27. g4 h5 28. Bxb7 Qxb7 29. gxh5 Rf5 30. h4 Be5 31. Qe2 Rxh5 32. axb4 Qxb4 33. Qe4 Ra7 34. Bxd4 Rf7 35. Bf2 Kh7 36. d4 Bg7 37. c5 d5 38. Qd3 f3 39. Re6 Rhf5 40. c6 Qb8 41. h5 gxh5 42. Re7 Kg8 43. Qe3 Bf8 44. Rxf7 Rxf7 45. Rxa5 Qd6 46. Kf1 Qg6 47. Rxd5 Bh6 48. Qe8+ Kg7 49. Qe5+ Kh7 50. Qg3 0-1

[Event "Festival Groningen-A 2024"]
[Site "Groningen"]
[Date "2024.12.21"]
[Round "1.27"]
[White "Van Roon, Sjoerd"]
[Black "Wouters, Casper"]
[Result "1-0"]
[ECO "C54"]
[WhiteElo "2285"]
[BlackElo "2110"]
[Annotator "RC"]
[PlyCount "83"]
[EventDate "2024.12.21"]
[EventType "swiss"]
[EventCountry "NED"]
[SourceTitle "playchess.com"]
[Source "ChessBase"]
[SourceQuality "1"]
[TimeControl "40/5400+30:1800+30"]

1. e4 e5 2. Nf3 Nc6 3. Bc4 Nf6 4. d3 Bc5 5. c3 d6 6. Nbd2 O-O 7. O-O a5 8. Bb3 h6 9. Re1 Ba7 10. Nf1 Be6 11. Bc2 Ne7 12. d4 Ng6 13. h3 Re8 14. Ng3 c6 15. Be3 Qc7 16. Qd2 Kh7 17. Nf5 Ng8 18. a4 N6e7 19. Rad1 Rad8 20. N3h4 Bb8 21. f4 Ng6 22. Nxg6 fxg6 23. Nh4 Bc8 24. g4 Qe7 25. Nf3 Rf8 26. f5 Kh8 27. Qf2 g5 28. h4 Nf6 29. Qg2 d5 30. hxg5 Nxe4 31. Nh4 Rd6 32. Bxe4 dxe4 33. dxe5 Qxe5 34. Rxd6 Qxd6 35. Ng6+ Kg8 36. Nxf8 Kxf8 37. gxh6 gxh6 38. Qh3 h5 39. gxh5 Kg8 40. Qg2+ Kf8 41. h6 Bxf5 42. Rf1 1-0

[Event "Festival Groningen-A 2024"]
[Site "Groningen"]
[Date "2024.12.21"]
[Round "1.28"]
[White "Kazarjan, Gachatur"]
[Black "De Jong, Migchiel"]
[Result "1/2-1/2"]
[ECO "B20"]
[WhiteElo "2067"]
[BlackElo "2275"]
[Annotator "RC"]
[PlyCount "86"]
[EventDate "2024.12.21"]
[EventType "swiss"]
[EventCountry "NED"]
[SourceTitle "playchess.com"]
[Source "ChessBase"]
[SourceQuality "1"]
[TimeControl "40/5400+30:1800+30"]

1. e4 c5 2. a3 g6 3. Nc3 Bg7 4. Bc4 d6 5. d3 Nc6 6. Ba2 Nf6 7. f4 Bg4 8. Nge2 O-O 9. h3 Bxe2 10. Qxe2 Nd4 11. Qf2 e6 12. g4 b5 13. Be3 Rb8 14. Bxd4 cxd4 15. Ne2 Qa5+ 16. Kf1 b4 17. Bb3 Qc5 18. a4 Nd7 19. h4 d5 20. h5 dxe4 21. hxg6 hxg6 22. dxe4 d3 23. cxd3 Qxf2+ 24. Kxf2 Nc5 25. Bc4 Rfc8 26. e5 b3 27. Rhc1 Rb4 28. Bb5 Rxb5 29. axb5 Nxd3+ 30. Ke3 Nxc1 31. Rxc1 Rb8 32. Nd4 g5 33. Rc7 gxf4+ 34. Kxf4 Rd8 35. Nxb3 Rd5 36. Rc8+ Kh7 37. Rc5 Bxe5+ 38. Ke4 Rxc5 39. Nxc5 Bxb2 40. Nd7 Kg6 41. b6 axb6 42. Nxb6 Kg5 43. Nc4 Kxg4 1/2-1/2

[Event "Festival Groningen-A 2024"]
[Site "Groningen"]
[Date "2024.12.21"]
[Round "1.29"]
[White "Albers, Sasa"]
[Black "Avetisyan, Ani"]
[Result "1-0"]
[ECO "B48"]
[WhiteElo "2268"]
[BlackElo "2059"]
[Annotator "RC"]
[PlyCount "88"]
[EventDate "2024.12.21"]
[EventType "swiss"]
[EventCountry "NED"]
[SourceTitle "playchess.com"]
[Source "ChessBase"]
[SourceQuality "1"]
[TimeControl "40/5400+30:1800+30"]

1. e4 c5 2. Nf3 e6 3. d4 cxd4 4. Nxd4 Nc6 5. Nc3 Qc7 6. Be3 a6 7. Qd2 Nf6 8. f4 Bb4 9. Bd3 b5 10. a4 Bb7 11. axb5 Nxd4 12. Bxd4 Nxe4 13. Bxe4 Bxe4 14. bxa6 f6 15. O-O O-O 16. Qe2 Bxc3 17. Qxe4 Bxd4+ 18. Qxd4 Rfb8 19. Rfd1 Ra7 20. Rd3 Qb6 21. Qxb6 Rxb6 22. Ra2 Kf7 23. Rda3 d5 24. c3 e5 25. fxe5 fxe5 26. Ra5 Ke6 27. Kf2 Rb3 28. Ke2 Kd6 29. Kd3 g6 30. Kc2 Rb8 31. b4 Rf8 32. Kb3 e4 33. Rd2 Rf5 34. c4 e3 35. Rdxd5+ Rxd5 36. Rxd5+ Ke6 37. Rd3 Rxa6 38. Rxe3+ Kd6 39. c5+ Kd5 40. Rd3+ Ke5 41. b5 Ra1 42. c6 Rc1 43. Rc3 Rb1+ 44. Kc2 Kd5 1-0

[Event "Festival Groningen-A 2024"]
[Site "Groningen"]
[Date "2024.12.21"]
[Round "1.30"]
[White "Groenewoud, Joel"]
[Black "Van Rootselaar, Rik"]
[Result "1-0"]
[ECO "C02"]
[WhiteElo "2058"]
[BlackElo "2265"]
[Annotator "RC"]
[PlyCount "59"]
[EventDate "2024.12.21"]
[EventType "swiss"]
[EventCountry "NED"]
[SourceTitle "playchess.com"]
[Source "ChessBase"]
[SourceQuality "1"]
[TimeControl "40/5400+30:1800+30"]

1. e4 e6 2. d4 d5 3. e5 c5 4. c3 Nc6 5. Nf3 Bd7 6. Be2 Nge7 7. O-O Ng6 8. Na3 f6 9. Bd3 cxd4 10. cxd4 Rc8 11. Re1 Nb4 12. Bb1 Be7 13. exf6 gxf6 14. Bh6 Kf7 15. h4 Bf8 16. Bd2 Qb6 17. h5 Ne7 18. Qb3 Nec6 19. Qe3 Bd6 20. Qh6 Bf8 21. Qf4 Qc7 22. Ng5+ Ke7 23. Qf3 Re8 24. Bf5 Nxd4 25. Qg4 Nbc6 26. Bxe6 Nxe6 27. Rxe6+ Bxe6 28. Qxe6+ Kd8 29. Nf7+ Qxf7 30. Qxf7 1-0

[Event "Festival Groningen-A 2024"]
[Site "Groningen"]
[Date "2024.12.22"]
[Round "2.5"]
[White "Maatman, Nick"]
[Black "Van Roon, Sjoerd"]
[Result "1/2-1/2"]
[ECO "D46"]
[WhiteElo "2375"]
[BlackElo "2285"]
[Annotator "RC"]
[PlyCount "68"]
[EventDate "2024.12.21"]
[EventType "swiss"]
[EventCountry "NED"]
[SourceTitle "playchess.com"]
[Source "ChessBase"]
[SourceQuality "1"]
[TimeControl "40/5400+30:1800+30"]

1. d4 d5 2. c4 c6 3. Nf3 Nf6 4. e3 e6 5. Nbd2 Nbd7 6. Bd3 Bd6 7. O-O O-O 8. e4 dxe4 9. Nxe4 Nxe4 10. Bxe4 f5 11. Bc2 e5 12. Bg5 Qe8 13. Nxe5 Nxe5 14. Re1 Be6 15. dxe5 Bb4 16. Bd2 Rd8 17. Bxb4 Rxd1 18. Raxd1 Rf7 19. Rd6 Rd7 20. c5 f4 21. Bc3 f3 22. gxf3 Qf7 23. Re3 Re7 24. Bb3 Kf8 25. Bxe6 Rxe6 26. Rxe6 Qxe6 27. Re4 h5 28. a3 Ke7 29. Rb4 Qg6+ 30. Kf1 Qd3+ 31. Kg2 Qg6+ 32. Kf1 Qd3+ 33. Kg2 Qg6+ 34. Kf1 Qd3+ 1/2-1/2

[Event "Festival Groningen-A 2024"]
[Site "Groningen"]
[Date "2024.12.22"]
[Round "2.6"]
[White "Pham, Khoi"]
[Black "Smeets, Kobe"]
[Result "1/2-1/2"]
[ECO "D12"]
[WhiteElo "2285"]
[BlackElo "2349"]
[Annotator "RC"]
[PlyCount "120"]
[EventDate "2024.12.21"]
[EventType "swiss"]
[EventCountry "NED"]
[SourceTitle "playchess.com"]
[Source "ChessBase"]
[SourceQuality "1"]
[TimeControl "40/5400+30:1800+30"]

1. d4 d5 2. c4 c6 3. Nf3 Nf6 4. e3 Bf5 5. Nc3 e6 6. Nh4 Be4 7. f3 Bg6 8. Bd2 dxc4 9. Bxc4 b5 10. Nxg6 hxg6 11. Bd3 Nbd7 12. Qc2 a6 13. O-O-O c5 14. g4 cxd4 15. exd4 b4 16. Na4 Rc8 17. Bc4 Nd5 18. Kb1 N7b6 19. Nc5 Bxc5 20. Bxa6 Bd6 21. Bxc8 Qxc8 22. Qd3 Qc4 23. Qxc4 Nxc4 24. h4 Kd7 25. Bc1 Be7 26. h5 gxh5 27. Rxh5 Rxh5 28. gxh5 Bf6 29. Rd3 Kc6 30. a3 Kb5 31. h6 gxh6 32. Bxh6 Nd6 33. Bf8 Kc4 34. Rd1 Nb5 35. Bxb4 Nxb4 36. axb4 Bxd4 37. Rc1+ Kd3 38. Rc8 f5 39. Rb8 Nc7 40. b5 Nd5 41. Rd8 Nb6 42. f4 Ke4 43. Rd6 e5 44. fxe5 Kxe5 45. Rd8 f4 46. Re8+ Kd5 47. Kc2 Nc4 48. Rf8 Be3 49. b6 Nxb6 50. Kd3 Nd7 51. Rd8 Kd6 52. Ke4 Ke7 53. Ra8 Nc5+ 54. Kf3 Ne6 55. Ra5 Kf6 56. b4 Bd2 57. Kg4 Nd4 58. Ra8 Ke5 59. Re8+ Kd5 60. Rd8+ Kc4 1/2-1/2

[Event "Festival Groningen-A 2024"]
[Site "Groningen"]
[Date "2024.12.22"]
[Round "2.7"]
[White "Kollen, Zyon"]
[Black "Albers, Sasa"]
[Result "0-1"]
[ECO "B12"]
[WhiteElo "2344"]
[BlackElo "2268"]
[Annotator "RC"]
[PlyCount "88"]
[EventDate "2024.12.21"]
[EventType "swiss"]
[EventCountry "NED"]
[SourceTitle "playchess.com"]
[Source "ChessBase"]
[SourceQuality "1"]
[TimeControl "40/5400+30:1800+30"]

1. e4 c6 2. d4 d5 3. e5 Bf5 4. Nf3 e6 5. Be2 c5 6. O-O Nc6 7. c3 a6 8. b3 cxd4 9. Nxd4 Nge7 10. Nxf5 Nxf5 11. Bd3 g6 12. Re1 Bc5 13. Nd2 Rc8 14. Nf3 Nh4 15. g3 Nxf3+ 16. Qxf3 Qc7 17. Bf4 Bf8 18. h4 Bg7 19. Qe3 h6 20. Rac1 Qa5 21. a4 g5 22. hxg5 hxg5 23. Bxg5 Nxe5 24. Be2 Qc5 25. Qd2 Qc6 26. f3 Qb6+ 27. Be3 Qxb3 28. Bd4 Rg8 29. Kg2 Ng6 30. Rb1 Qxa4 31. Rxb7 Bxd4 32. cxd4 Nh4+ 33. Kf1 Nf5 34. Rc1 Nxg3+ 35. Ke1 Rxc1+ 36. Qxc1 Qa5+ 37. Kd1 Qa4+ 38. Ke1 Qa5+ 39. Kf2 Qd8 40. Qb1 Ne4+ 41. Ke3 Qg5+ 42. f4 Qg3+ 43. Bf3 Qf2+ 44. Kd3 Qd2# 0-1

[Event "Festival Groningen-A 2024"]
[Site "Groningen"]
[Date "2024.12.22"]
[Round "2.8"]
[White "Schilstra, Laurens"]
[Black "Labruyere, Roger"]
[Result "0-1"]
[ECO "B66"]
[WhiteElo "2150"]
[BlackElo "2344"]
[Annotator "RC"]
[PlyCount "84"]
[EventDate "2024.12.21"]
[EventType "swiss"]
[EventCountry "NED"]
[SourceTitle "playchess.com"]
[Source "ChessBase"]
[SourceQuality "1"]
[TimeControl "40/5400+30:1800+30"]

1. e4 c5 2. Nf3 d6 3. d4 cxd4 4. Nxd4 Nf6 5. Nc3 a6 6. Bg5 e6 7. f4 h6 8. Bxf6 Qxf6 9. Qd2 Nc6 10. Nxc6 bxc6 11. O-O-O Qd8 12. Bc4 Be7 13. Kb1 O-O 14. Bb3 Qc7 15. Rhf1 c5 16. Bc4 Rb8 17. b3 Bf6 18. g4 Qb7 19. Na4 Bd4 20. c3 Bf6 21. Qxd6 Rd8 22. Qxd8+ Bxd8 23. Rxd8+ Kh7 24. e5 g6 25. Kb2 a5 26. Ka3 Qc7 27. Rfd1 Kg7 28. R1d6 g5 29. f5 exf5 30. Re8 Be6 31. Bxe6 Rxe8 32. Rd7 Qxe5 33. Rxf7+ Kh8 34. gxf5 Qe3 35. Rf6 Qc1+ 36. Nb2 Qxc3 37. Rxh6+ Kg7 38. Rg6+ Kh7 39. Nc4 a4 40. Nb6 Qb4+ 41. Kb2 a3+ 42. Kc2 Qe4+ 0-1

[Event "Festival Groningen-A 2024"]
[Site "Groningen"]
[Date "2024.12.22"]
[Round "2.16"]
[White "Wempe, Joost"]
[Black "Palchuk, Andrii"]
[Result "0-1"]
[ECO "A49"]
[WhiteElo "2233"]
[BlackElo "2372"]
[Annotator "RC"]
[PlyCount "40"]
[EventDate "2024.12.21"]
[EventType "swiss"]
[EventCountry "NED"]
[SourceTitle "playchess.com"]
[Source "ChessBase"]
[SourceQuality "1"]
[TimeControl "40/5400+30:1800+30"]

1. d4 g6 2. Nf3 Bg7 3. g3 Nf6 4. Bg2 O-O 5. O-O d6 6. b3 e5 7. dxe5 dxe5 8. Ba3 e4 9. Nd4 Re8 10. c4 e3 11. Nc3 exf2+ 12. Kh1 c6 13. Nc2 Qa5 14. Qd2 Rd8 15. Bd6 Ng4 16. b4 Qh5 17. h4 Bxc3 18. Qxc3 Rxd6 19. Rad1 Rxd1 20. Rxd1 Nd7 0-1